Map: Ruins of Seras

Players

MehjEwi - Winner!

  • Race: Protoss Protoss
  • League: Grandmaster

Javert

  • Race: Zerg Zerg
  • League: Grandmaster

VOD

Have the link to the VOD?

Description

Time

  • Played on: Aug. 31, 2015, 8:39 p.m.
  • Length: 12:16
Show
View Real Time Build Order
Export as new Build Order

MehjEwi Protoss - Winner!

Build Orders: Phoenix Opening 

Get SALT Encoding   

  12  0:01  Probe  
  13  0:13  Probe  
  14  0:20  Pylon  
  14  0:26  Probe  
  15  0:38  Probe  
  15  0:40  Gateway  
  16  0:50  Probe, Assimilator  
  17  0:57  Assimilator  
  17  1:03  Probe  
  18  1:08  Pylon  
  18  1:15  Probe  
  19  1:27  Probe  
  19  1:28  Cybernetics Core  
  20  1:38  Zealot  
  23  1:40  Probe  
  23  1:48  Pylon  
  23  1:50  Warp Gate  
  23  2:05  Adept  
  23  2:08  Mothership Core  
  27  2:29  Probe  
  28  2:41  Probe  
  28  2:43  Stargate  
  29  2:53  Probe  
  30  3:05  Probe  
  30  3:07  Nexus  
  31  3:13  Pylon  
  31  3:14  Sentry  
  31  3:18  Probe  
  34  3:28  Phoenix  
  34  3:30  Probe  
  37  3:42  Probe  
  37  3:44  Gateway  
  38  3:53  Phoenix  
  39  4:10  Probe  
  40  4:18  Phoenix  
  40  4:22  Gateway  
  40  4:23  Probe  
  43  4:25  Pylon  
  43  4:35  Pylon  
  43  4:39  Probe  
  43  4:40  Probe  
  45  4:46  Phoenix  
  45  4:51  Probe  
  45  4:52  Probe  
  49  5:03  Probe  
  49  5:04  Probe  
  51  5:10  Phoenix  
  51  5:12  Sentry  
  51  5:13  Sentry  
  57  5:15  Probe  
  57  5:16  Probe  
  57  5:18  Forge  
  59  5:35  Probe, Phoenix  
  59  5:36  Probe  
  63  5:48  Probe x2  
  65  5:50  Assimilator  
  65  5:51  Robotics Facility  
  65  5:54  Pylon  
  65  5:55  Assimilator  
  65  6:00  Probe  
  65  6:01  Probe  
  67  6:05  Protoss Ground Weapons Level 1  
  67  6:12  Probe  
  67  6:13  Probe  
  69  6:24  Probe  
  70  6:25  Probe  
  71  6:36  Probe  
  72  6:45  Probe  
  73  6:48  Probe, Robotics Bay  
  73  6:52  Pylon  
  74  6:56  Pylon  
  74  7:00  Probe x2, Pylon  
  74  7:01  Warp Prism  
  76  7:03  Stalker x3  
  84  7:08  Gateway  
  84  7:10  Gateway  
  84  7:12  Probe x2  
  84  7:14  Pylon  
  86  7:15  Pylon  
  86  7:18  Pylon  
  86  7:20  Twilight Council  
  86  7:24  Probe x2  
  86  7:42  Probe x2  
  88  7:47  Stalker x2  
  88  7:48  Stalker  
  94  7:56  Gateway  
  94  7:58  Gateway  
  94  8:00  Gateway  
  94  8:01  Probe x2, Protoss Ground Weapons Level 2  
  96  8:12  Stalker  
  96  8:13  Stalker x2  
  102  8:32  Pylon  
  102  8:36  Pylon  
  102  8:37  Disruptor  
  102  8:41  Extended Thermal Lance  
  105  8:44  Blink  
  105  8:49  Zealot x4  
  106  8:57  Zealot  
  106  9:02  Stalker x2  
  106  9:03  Stalker  
  98  9:21  Disruptor  
  101  9:28  Zealot x5  
  101  9:29  Zealot x3  
  117  9:51  Nexus  
  117  9:53  Sentry x5  
  117  9:54  Pylon  
  117  9:55  Zealot x2  
  117  9:57  Pylon  
  109  10:08  Disruptor  
  109  10:12  Stalker  
  103  10:21  Zealot x6  
  112  10:35  Assimilator  
  112  10:37  Assimilator  
  112  10:42  Photon Cannon  
  112  10:51  Probe  
  112  10:52  Probe  
  114  11:01  Colossus  
  114  11:03  Probe  
  114  11:04  Probe  
  122  11:16  Probe x2  
  124  11:28  Nexus  
  112  11:43  Stalker x6  
  112  11:44  Stalker  
  123  12:09  Stalker x3  
  123  12:10  Stalker x4  
Show
View Real Time Build Order
Export as new Build Order

Javert Zerg 

Build Orders: Hatch First 

Get SALT Encoding   

  12  0:02  Drone  
  13  0:14  Overlord  
  13  0:21  Drone  
  14  0:36  Drone x2  
  14  0:39  Drone  
  17  0:57  Hatchery  
  17  0:59  Drone  
  17  1:07  Drone  
  17  1:09  Extractor  
  17  1:13  Drone  
  18  1:21  Drone  
  19  1:35  Drone  
  19  1:36  Spawning Pool  
  19  1:54  Hatchery  
  18  2:02  Drone x2  
  20  2:09  Overlord  
  20  2:18  Overlord  
  20  2:31  Queen  
  20  2:34  Metabolic Boost  
  21  2:43  Queen  
  23  2:49  Zergling x2  
  24  3:00  Spore Crawler  
  24  3:02  Zergling x6  
  26  3:06  Drone  
  27  3:18  Drone x2  
  29  3:33  Drone x4  
  33  3:35  Spore Crawler  
  32  3:45  Drone x4  
  36  3:54  Drone x2  
  36  4:03  Drone x3  
  36  4:04  Drone  
  39  4:10  Overlord  
  39  4:14  Lair  
  38  4:23  Queen  
  40  4:28  Evolution Chamber, Zergling x4  
  40  4:29  Zergling x2  
  42  4:35  Queen  
  44  4:38  Drone  
  44  4:40  Drone  
  44  4:42  Drone  
  47  4:46  Drone x2  
  47  4:51  Drone x3  
  52  4:55  Overlord  
  52  4:57  Zerg Missile Weapons Level 1  
  52  5:02  Spore Crawler  
  52  5:05  Overlord  
  51  5:10  Extractor  
  51  5:13  Extractor  
  49  5:15  Hydralisk Den  
  49  5:16  Extractor  
  46  5:23  Drone  
  46  5:24  Drone x9  
  54  5:37  Drone x7  
  61  5:49  Overlord x2  
  61  6:04  Overlord x2  
  59  6:07  Spore Crawler  
  59  6:10  Queen  
  60  6:11  Hydralisk  
  60  6:12  Hydralisk x4  
  68  6:21  Overlord  
  68  6:26  Spore Crawler  
  66  6:37  Muscular Augments  
  64  6:46  Hydralisk  
  64  6:47  Hydralisk x4  
  73  6:58  Roach Warren, Zerg Missile Weapons Level 2  
  72  7:04  Drone  
  72  7:05  Overlord x2  
  73  7:09  Overlord x2  
  73  7:12  Overlord  
  73  7:20  Overlord x2  
  73  7:23  Queen  
  73  7:36  Hydralisk x8  
  89  7:42  Overlord  
  89  7:43  Overlord  
  89  7:51  Glial Reconstitution  
  89  7:54  Drone x2  
  89  7:55  Drone x4  
  95  7:59  Extractor  
  95  8:04  Overlord  
  95  8:05  Overseer  
  94  8:11  Hydralisk x3  
  96  8:15  Drone  
  97  8:23  Extractor  
  96  8:27  Overlord  
  96  8:29  Overlord x2  
  96  8:30  Drone x3  
  99  8:34  Evolution Chamber  
  99  8:35  Hydralisk  
  99  8:36  Hydralisk  
  102  8:49  Overlord x3  
  84  9:06  Roach x9  
  102  9:23  Zerg Ground Armor Level 1  
  102  9:28  Overlord x2  
  102  9:29  Drone x4  
  102  9:30  Drone x2  
  108  9:34  Overlord x2  
  108  9:38  Drone x2  
  110  9:39  Overlord  
  110  9:49  Infestation Pit  
  111  9:52  Roach  
  111  9:53  Roach x6  
  89  10:18  Hydralisk x9  
  99  10:31  Hydralisk  
  99  10:32  Hydralisk  
  103  10:39  Hive  
  103  10:40  Extractor  
  103  10:41  Hatchery  
  101  10:53  Drone x2  
  101  10:54  Drone, Spine Crawler  
  101  10:56  Spine Crawler  
  102  11:03  Hydralisk x6  
  102  11:04  Hydralisk  
  116  11:13  Overlord x2  
  116  11:18  Queen x2  
  120  11:29  Extractor  
  89  11:45  Hydralisk  
  89  11:46  Hydralisk x7  
  91  11:55  Roach  
  91  11:56  Roach x5  
Tags
 
Add a new tag
Caveats
  • Supply blocks, unpowered buildings, or Contaminate may cause inaccurate times.
  • Supply counts are checked every 10 seconds.